 Dungeon Crawl Stone Soup version 0.16-a0-623-g20b2139 (webtiles) character file.

201497 MRaven the Thaumaturge (level 17, -3/117 HPs)
             Began as a Demonspawn Ice Elementalist on Sept 15, 2014.
             Was the Champion of Vehumet.
             Slain by a wolf spider (7 damage)
             ... on Level 5 of the Spider Nest on Sept 18, 2014.
             The game lasted 05:44:32 (53717 turns).

MRaven the Thaumaturge (DsIE)                      Turns: 53717, Time: 05:44:32

HP  -3/117       AC 23     Str 16      XL: 17   Next: 91%
MP   0/45        EV 17     Int 25 (26) God: Vehumet [******]
Gold 641         SH 15     Dex 17 (19) Spells:  9 memorised, 12 levels left

rFire  . . .     SeeInvis .     j - +5 falchion (pain)
rCold  + . .     Clarity  .     y - +0 robe of Muolaal {Dex+3 Int+4}
rNeg   + . .     rCorr    .     x - +4 shield {rC+}
rPois  +         rRot     .     e - +1 hat {Int+3}
rElec  +         Spirit   +     O - +1 cloak of Woithaza {rPois Str+2}
SustAb .         Warding  .     D - +2 pair of gloves {Str+3}
rMut   .         Stasis   .     R - +2 pair of boots
Gourm  .                        (no amulet)
MR     +....                    H - ring "Gopaicucw" {rElec rN+}
                                N - ring of magical power

@: icy armour (expiring), very slightly contaminated, hasted, repel missiles,
very quick, somewhat resistant to hostile enchantments, unstealthy
A: antennae 2, claws 2, talons 2, demonic guardian 2, wild magic 1, magic
shield, magic regeneration
a: Renounce Religion
}: 1/15 runes: gossamer


You were on level 5 of the Spider Nest.
You worshipped Vehumet.
Vehumet was exalted by your worship.
You were not hungry.

You visited 5 branches of the dungeon, and saw 33 of its levels.
You visited 1 bazaar.
You also visited: Sewer.

You collected 2667 gold pieces.
You spent 2026 gold pieces at shops.

Inventory:

Hand weapons
 j - a +5 falchion of pain (weapon)
Armour
 e - a +1 hat of intelligence (worn)
 x - a +4 shield of cold resistance (worn)
 y - the +0 robe of Muolaal (worn) {Dex+3 Int+4}
   (You found it on level 6 of the Dungeon)

   It affects your intelligence (+4).
   It affects your dexterity (+3).
 D - a +2 pair of gloves of strength (worn)
 L - the +6 ring mail "Cefaocs" {Dex+5 Int+3}
   (You found it on level 11 of the Dungeon)

   It affects your intelligence (+3).
   It affects your dexterity (+5).
 O - the +1 cloak of Woithaza (worn) {rPois Str+2}
   (You bought it in a shop on level 9 of the Dungeon)

   It affects your strength (+2).
   It protects you from poison.
 R - a +2 pair of boots (worn)
Magical devices
 i - a wand of invisibility (9)
 m - a wand of slowing (16)
 r - a wand of draining (0)
 u - a wand of paralysis (5)
 z - a wand of lightning (0)
 X - a wand of digging (18)
 Z - a wand of hasting (0)
Comestibles
 c - 14 bread rations
 g - 13 meat rations
Scrolls
 k - 2 scrolls of teleportation
 l - 10 scrolls of identify
 C - 7 scrolls of remove curse
 F - 5 scrolls of fog
 Q - 3 scrolls of magic mapping
 T - a scroll of vulnerability
Jewellery
 b - an uncursed ring of protection from fire
 f - an uncursed amulet of stasis
 n - an uncursed ring of teleportation
 B - an uncursed ring of see invisible
 E - an uncursed ring of protection from fire
 H - the ring "Gopaicucw" (right hand) {rElec rN+}
   (You found it on level 6 of the Dungeon)

   [ring of positive energy]

   It insulates you from electricity.
   It protects you from negative energy.
 N - a ring of magical power (left hand)
 W - an uncursed ring of sustain abilities
Potions
 d - 4 potions of restore abilities
 p - 2 potions of cure mutation
 s - a potion of magic
 t - 2 potions of brilliance
 A - a potion of curing
 G - 2 potions of agility
 I - a potion of might
 M - 2 potions of flight
 U - a potion of cancellation
 V - a potion of haste
Books
 w - a book of Dreams

   Spells                             Type                      Level
   Ensorcelled Hibernation            Hexes/Ice                    2
   Flight                             Charms/Air                   3
   Phase Shift                        Translocation                5
   Shadow Creatures                   Summoning                    5
   Mass Confusion                     Hexes                        6
   Darkness                           Hexes                        7
 J - a book of the Tempests

   Spells                             Type                      Level
   Static Discharge                   Conjuration/Air              3
   Lightning Bolt                     Conjuration/Air              5
   *Fireball                          Conjuration/Fire             5
   Tornado                            Air                          9
   Shatter                            Earth                        9
 K - a book of the Sky

   Spells                             Type                      Level
   Flight                             Charms/Air                   3
   Airstrike                          Air                          4
   Silence                            Hexes/Air                    5
   Deflect Missiles                   Charms/Air                   6
   Conjure Ball Lightning             Conjuration/Air              6
   Tornado                            Air                          9
 P - a book of Burglary

   Spells                             Type                      Level
   Swiftness                          Charms/Air                   2
   Passwall                           Transmutation/Earth          3
   Passage of Golubria                Translocation                4
   Lee's Rapid Deconstruction         Earth                        5
   Invisibility                       Hexes                        6
   Darkness                           Hexes                        7
 Y - a book of Wizardry

   Spells                             Type                      Level
   Agony                              Necromancy                   5
   Force Lance                        Conjuration                  5
   Dispersal                          Translocation                6
   Haste                              Charms                       6
   Invisibility                       Hexes                        6
   Spellforged Servitor               Conjuration/Summoning        7
Miscellaneous
 S - a crystal ball of energy


   Skills:
 - Level 6.3 Fighting
 - Level 8.5 Long Blades
 - Level 5.5 Armour
 - Level 8.4 Dodging
 - Level 1.7 Stealth
 - Level 7.9 Shields
 * Level 13.0 Spellcasting
 - Level 12.2 Conjurations
 - Level 6.0 Charms
 - Level 5.2 Necromancy
 - Level 2.7 Fire Magic
 - Level 10.8 Ice Magic
 * Level 9.7 Air Magic
 - Level 10.2 Evocations


You had 12 spell levels left.
You knew the following spells:

 Your Spells              Type           Power        Failure   Level  Hunger
a - Freeze                Ice            ####         1%          1    None
b - Throw Frost           Conj/Ice       ######       1%          2    None
c - Ozocubu's Armour      Chrm/Ice       ######..     3%          3    None
d - Sticky Flame          Conj/Fire      ######..     1%          4    None
e - Repel Missiles        Chrm/Air       ######       2%          2    None
f - Throw Icicle          Conj/Ice       #######.     1%          4    None
g - Regeneration          Chrm/Necr      ######....   5%          3    None
h - Freezing Cloud        Conj/Ice/Air   #######...   6%          6    #####..
i - Fireball              Conj/Fire      ######....   5%          5    ##.....


Dungeon Overview and Level Annotations

Branches:
Dungeon (15/15)            Temple (1/1) D:6             Orc (4/4) D:12
    Elf (0/3) Orc:4          Lair (8/8) D:10         Shoals (0/5) Lair:4
 Spider (5/5) Lair:6        Slime (0/6) Lair:6       Vaults (0/5) D:13
 Depths: D:15

Altars:
Ashenzari
Cheibriados
Dithmenos
Elyvilon
Fedhas
Gozag
Kikubaaqudgha
Makhleb
Nemelex Xobeh
Okawaru
Qazlal
Sif Muna
Trog
Vehumet
Xom
Yredelemnul
Zin
The Shining One
Beogh

Shops:
D:7 *:   D:9 [   Orc:4 !:[*(

Annotations:
D:8 exclusion: 4 doors
Lair:2 exclusion: downstairs


Innate Abilities, Weirdness & Mutations

You have a pair of antennae on your head.
You have very sharp fingernails.
You have razor-sharp toenails.
A demonic guardian rushes to your aid.
When hurt, damage is shared between your health and your magic reserves.
You regenerate magic rapidly.
Your spells are a little harder to cast, but a little more powerful.


Message History

Okay, then.
Drink which item? (? for menu, Esc to quit)
You feel yourself speed up.
* * * LOW HITPOINT WARNING * * *
You feel sick.
The emperor scorpion burns!
You kill the emperor scorpion!
Vehumet accepts your kill.
You feel your power returning.
Your Spellcasting skill increases to level 13!
You are very lightly contaminated with residual magic.
* * * LOW HITPOINT WARNING * * *
You feel sick.
* * * LOW HITPOINT WARNING * * *
You feel sick.
Drink which item? (? for menu, Esc to quit)
You feel better. The wolf spider hits you!
* * * LOW HITPOINT WARNING * * *
You block the wolf spider's attack. The wolf spider hits you!
You die...

##..#####.%.#...# #.#..#
######≈.# #....# ###
##^.## ##....##
###......### #
##.........^############
#...............^.......
##......@s..%............
#.|....#.####...#..#..#.^
##<###..## ####......^..
### #### ##..^......
#.......... #.^#....#..
####.)..^.# #.^.#..#
#..#####


You could see a wolf spider.

Vanquished Creatures
  Mara (Spider:5)
  Arachne (Spider:5)
  9 emperor scorpions
  Aizul (Spider:3)
  An orc warlord (Orc:4)
  3 ghost moths (Spider:5)
  The ghost of Herrn the Cleaver, a powerful GrFi of Qazlal (D:14)
  Snorg (Orc:1)
  A fire dragon (Lair:8)
  2 hydras
  5 vault guards (D:13)
  10 death yaks
  A tengu warrior (D:14)
  2 orc high priests (Orc:4)
  17 orb spiders
  2 hill giants
  A wolf spider zombie (Spider:1)
  2 orc knights (Orc:4)
  3 orc sorcerers (Orc:4)
  22 wolf spiders
  An ugly thing (D:11)
  An oklob plant (Lair:7)
  2 wizards (D:11)
  A manticore (D:13)
  4 griffons
  4 cyclopes
  10 red wasps
  A guardian serpent (Lair:8)
  Maurice (D:8)
  6 black mambas
  3 elephants (Lair:8)
  A moth of wrath (Spider:4)
  4 gargoyles
  A torpor snail (Spider:2)
  12 spiny frogs
  Psyche (Orc:4)
  16 demonic crawlers
  8 komodo dragons
  2 polar bears
  5 trolls
  4 fire drakes
  28 jumping spiders
  A two-headed ogre (D:14)
  23 blink frogs
  21 trapdoor spiders
  A raven (D:14)
  A boulder beetle (Lair:8)
  2 vampires (D:14)
  2 basilisks (Lair:8)
  A wyvern (Lair:8)
  25 yaks
  A shadow (D:12)
  45 redbacks
  3 fire bats (Lair:1)
  19 tarantellas
  4 hill giant zombies
  2 hungry ghosts
  4 vampire mosquitoes (D:14)
  A hippogriff (shapeshifter) (D:13)
  2 hill giant skeletons
  Grum (D:11)
  15 wolves
  5 mottled dragons
  2 wargs
  21 water moccasins
  3 hippogriffs
  An orb spider zombie (Spider:1)
  A tengu skeleton (D:12)
  8 porcupines
  29 spiders
  5 ice beasts
  3 necrophages
  24 orc warriors
  A sky beast (D:7)
  6 phantoms
  5 ogres
  20 yellow wasps
  9 boring beetles
  14 crocodiles
  2 centaurs
  16 giant frogs
  6 killer bees (D:11)
  8 scorpions
  An eye of draining (D:13)
  14 wights
  4 electric eels
  A troll skeleton (D:9)
  3 giant frog zombies
  5 jellies (Lair:6)
  8 crimson imps
  11 iguanas
  2 centaur skeletons
  23 orc priests
  3 iron imps (D:6)
  17 worker ants
  A giant frog skeleton (D:8)
  7 hounds
  26 orc wizards
  16 sheep
  6 ogre zombies
  Ijyb (D:2)
  A mummy (D:13)
  Terence (D:2)
  A worker ant zombie (D:6)
  A hound skeleton (D:5)
  6 gnolls
  A scorpion zombie (Spider:1)
  38 adders
  46 green rats
  4 orc skeletons
  A swamp drake skeleton (Spider:1)
  5 giant mites
  2 shadow imps
  4 worms (Spider:2)
  2 ufetubi
  An adder zombie (D:8)
  4 giant geckos
  5 oozes
  152 orcs
  6 ball pythons
  14 bats
  A bat zombie (D:7)
  9 giant cockroaches
  21 goblins
  23 hobgoblins
  20 jackals
  15 kobolds
  13 quokkas
  A giant cockroach zombie (D:7)
  5 giant newts
  A giant spore (D:9)
  A goblin zombie (D:12)
  A hobgoblin skeleton (D:12)
  3 hobgoblin zombies (D:12)
  3 kobold skeletons
  22 orc zombies
  16 rats
  A rat skeleton (D:6)
  2 ballistomycetes
  2 fungi
  A plant (D:10)
1170 creatures vanquished.

Vanquished Creatures (collateral kills)
  Nikola (Spider:5)
  Rupert (Lair:7)
  Agnes (Spider:1)
  A ghost moth (Spider:3)
  Gastronok (Lair:1)
  An emperor scorpion (Spider:3)
  A very ugly thing (D:11)
  Josephine (Spider:1)
  3 vault guards (D:13)
  Fannar (Lair:1)
  Harold (Lair:2)
  The ghost of Amnekian the Basher, an experienced OgFi of Okawaru (Lair:1)
  5 hydras
  10 death yaks
  2 centaur warriors
  An orc high priest (Orc:4)
  A catoblepas (Lair:4)
  An orb spider (Spider:5)
  Erolcha (D:9)
  An orc sorcerer (Orc:4)
  5 ugly things (D:11)
  4 wolf spiders
  2 black mambas
  2 elephants (Lair:8)
  3 spiny frogs
  A demonic crawler (Spider:5)
  A fire drake (Lair:8)
  3 komodo dragons (Lair:3)
  Grinder (D:3)
  2 trolls (D:8)
  5 jumping spiders (Spider:2)
  2 blink frogs (Lair:6)
  A trapdoor spider (Spider:1)
  3 tarantellas
  A spriggan (Lair:1)
  9 yaks
  2 redbacks (Spider:2)
  A human (D:7)
  An elf skeleton (Spider:1)
  2 hippogriffs
  4 wolves
  A mottled dragon (Lair:8)
  2 water moccasins (Lair:1)
  A water nymph skeleton (Spider:1)
  An orb spider zombie (Spider:1)
  A warg (Orc:4)
  4 orc warriors
  5 spiders
  A black bear (D:9)
  A porcupine (Lair:3)
  2 ogres
  An ice beast (Lair:1)
  A phantom (D:6)
  6 centaurs
  3 giant frogs
  A jelly (D:9)
  A quasit (D:6)
  A giant frog zombie (D:8)
  2 iguanas
  An orc priest (D:4)
  5 orc wizards
  A worker ant (D:9)
  5 sheep
  A killer bee simulacrum (D:8)
  2 adders
  2 gnolls (D:5)
  2 white imps (D:8)
  3 worms (D:9)
  13 orcs
  2 hobgoblins
  A jackal (D:6)
  A quokka (Lair:1)
  An orc zombie (Orc:4)
  4 rats (D:9)
  A rat zombie (D:6)
  A ballistomycete (D:9)
  A fungus (Lair:6)
173 creatures vanquished.

Vanquished Creatures (others)
  7 sun demons
  10 soul eaters
  5 ice devils
  7 sixfirhies
  11 smoke demons
  A hippogriff (Lair:7)
  A wolf (D:11)
  2 giant frogs
  A wight (D:10)
  An iron imp (D:3)
  2 sheep (Lair:7)
  An adder (D:10)
  An ufetubus (D:3)
  An orc (D:10)
  A hobgoblin (D:10)
  A giant spore (D:6)
  3 ballistomycetes (D:6)
  2 bushes (D:6)
  24 fungi
  15 plants
97 creatures vanquished.

Grand Total: 1440 creatures vanquished

Notes
Turn   | Place    | Note
--------------------------------------------------------------
     0 | D:1      | MRaven, the Demonspawn Ice Elementalist, began the quest for the Orb.
     0 | D:1      | Reached XP level 1. HP: 13/13 MP: 3/3
   152 | D:1      | Reached skill level 3 in Ice Magic
   152 | D:1      | Gained mutation: You have sharp toenails. [demonic ancestry]
   152 | D:1      | Reached XP level 2. HP: 13/19 MP: 1/4
   378 | D:1      | Learned a level 2 spell: Throw Frost
  1306 | D:1      | Gained mutation: A weak demonic guardian rushes to your aid. [demonic ancestry]
  1306 | D:1      | Reached XP level 3. HP: 24/24 MP: 4/6
  2176 | D:2      | Noticed Ijyb
  2196 | D:2      | Killed Ijyb
  2308 | D:2      | Gained mutation: You have a pair of small antennae on your head. [demonic ancestry]
  2308 | D:2      | Reached XP level 4. HP: 18/30 MP: 8/8
  2311 | D:2      | Noticed Terence
  2317 | D:2      | Killed Terence
  3373 | D:3      | Found a shadowy altar of Dithmenos.
  3414 | D:3      | Reached skill level 4 in Ice Magic
  3558 | D:3      | Noticed Grinder
  3571 | D:3      | Paralysed by Grinder for 4 turns
  3594 | D:3      | HP: 1/30 [Grinder (5)]
  3598 | D:3      | Killed Grinder
  3598 | D:3      | Gained mutation: You have razor-sharp toenails. [demonic ancestry]
  3598 | D:3      | Reached XP level 5. HP: 1/35 MP: 4/11
  3920 | D:3      | Gained mutation: When hurt, damage is shared between your health and your magic reserves. [demonic ancestry]
  3920 | D:3      | Reached XP level 6. HP: 41/41 MP: 5/13
  4321 | D:3      | Reached skill level 5 in Ice Magic
  4383 | D:3      | Learned a level 3 spell: Ozocubu's Armour
  5093 | D:4      | Found a white marble altar of Elyvilon.
  5275 | D:4      | Reached skill level 1 in Charms
  5396 | D:4      | Found a glowing drain.
  5404 | Sewer    | Entered a sewer
  6484 | D:4      | Gained mutation: A demonic guardian rushes to your aid. [demonic ancestry]
  6484 | D:4      | Reached XP level 7. HP: 47/47 MP: 3/15
  6675 | D:4      | Found a deep blue altar of Sif Muna.
  7235 | D:5      | Entered Level 5 of the Dungeon
  7297 | D:5      | Reached skill level 1 in Fighting
  8812 | D:6      | Found a shadowy altar of Dithmenos.
  8812 | D:6      | Found a staircase to the Ecumenical Temple.
  8930 | D:6      | Found a shattered altar of Ashenzari.
  8946 | D:6      | Got a wavering wooden ring
  9009 | D:6      | Reached XP level 8. HP: 36/57 MP: 11/18
  9112 | Temple   | Entered the Ecumenical Temple
  9457 | Temple   | Became a worshipper of Vehumet
  9458 | Temple   | Identified the ring "Gopaicucw" {rElec rN+} (You found it on level 6 of the Dungeon)
  9801 | D:6      | Found a burning altar of Makhleb.
  9808 | D:6      | Reached skill level 6 in Ice Magic
 10270 | D:6      | Got a colourful robe
 10281 | D:6      | Identified the cursed +0 robe of Muolaal {Dex+3 Int+4} (You found it on level 6 of the Dungeon)
 10468 | D:6      | Reached skill level 1 in Evocations
 10960 | D:7      | Found a stormy altar of Qazlal.
 10982 | D:7      | Acquired Vehumet's first power
 10982 | D:7      | Offered knowledge of Flame Tongue by Vehumet.
 11067 | D:7      | Reached skill level 5 in Spellcasting
 11409 | D:7      | Found Zeuwn's Book Shoppe.
 11416 | D:7      | Reached XP level 9. HP: 59/65 MP: 15/21
 11981 | D:7      | Found Gozag's Nutrition Petition.
 11981 | D:7      | Found an opulent altar of Gozag.
 12027 | D:7      | Found a blossoming altar of Fedhas.
 12184 | D:8      | Noticed Maurice
 12276 | D:8      | Offered knowledge of Sandblast by Vehumet.
 12973 | D:8      | Killed Maurice
 12973 | D:8      | Reached skill level 1 in Shields
 12973 | D:8      | Reached skill level 5 in Evocations
 14094 | D:8      | Reached XP level 10. HP: 61/70 MP: 20/23
 14584 | D:9      | Reached skill level 7 in Ice Magic
 14588 | D:9      | Offered knowledge of Conjure Flame by Vehumet.
 14681 | D:9      | Noticed Erolcha
 14813 | D:9      | Noticed a moth of wrath
 14816 | D:9      | Found a bloodstained altar of Trog.
 15215 | D:9      | Reached skill level 5 in Charms
 15228 | D:9      | Killed Erolcha
 15248 | D:9      | Acquired Vehumet's second power
 15736 | D:9      | Found Utaod's Antique Armour Boutique.
 15742 | D:9      | Bought an ancient cloak for 285 gold pieces
 15753 | D:9      | Identified the +1 cloak of Woithaza {rPois Str+2} (You bought it in a shop on level 9 of the Dungeon)
 16265 | D:9      | Found a glowing silver altar of Zin.
 16585 | D:10     | Entered Level 10 of the Dungeon
 16702 | D:9      | Offered knowledge of Sticky Flame by Vehumet.
 16710 | D:9      | Learned a level 4 spell: Sticky Flame
 17338 | D:10     | Acquired Vehumet's third power
 17431 | D:10     | Found a staircase to the Lair.
 17942 | Lair:1   | Entered Level 1 of the Lair of Beasts
 17947 | Lair:1   | Noticed Fannar
 17971 | Lair:1   | Noticed Amnekian's ghost (experienced OgFi)
 17971 | Lair:1   | Reached skill level 1 in Fire Magic
 17978 | Lair:1   | Killed Amnekian's ghost
 18323 | Lair:1   | Killed Fannar
 18347 | Lair:1   | Offered knowledge of Lightning Bolt by Vehumet.
 18347 | Lair:1   | Reached skill level 5 in Shields
 18347 | Lair:1   | Reached XP level 11. HP: 45/76 MP: 6/25
 18352 | Lair:1   | Noticed Gastronok
 18355 | Lair:1   | Reached skill level 8 in Evocations
 18717 | Lair:1   | Killed Gastronok
 18717 | Lair:1   | Reached skill level 5 in Conjurations
 19045 | Lair:1   | Learned a level 2 spell: Repel Missiles
 19581 | Lair:1   | Upgraded the game from 0.16-a0-421-gd787d97 to 0.16-a0-465-g631e55c
 20199 | Lair:2   | Reached skill level 9 in Evocations
 20408 | Lair:2   | Noticed Harold
 20419 | Lair:2   | Paralysed by Harold for 2 turns
 20423 | Lair:2   | Killed Harold
 20423 | Lair:2   | Reached skill level 1 in Long Blades
 21218 | Lair:2   | Noticed an eight-headed hydra
 21243 | Lair:2   | Killed an eight-headed hydra
 22190 | Lair:3   | Offered knowledge of Fulminant Prism by Vehumet.
 22196 | Lair:3   | Reached skill level 5 in Fighting
 22557 | Lair:3   | Reached skill level 10 in Evocations
 22753 | Lair:3   | Gained mutation: You have sharp fingernails. [demonic ancestry]
 22753 | Lair:3   | Reached XP level 12. HP: 86/86 MP: 27/27
 23333 | Lair:4   | Identified a scroll of acquirement
 23559 | Lair:4   | Reached skill level 1 in Air Magic
 24004 | Lair:4   | Found a staircase to the Shoals.
 25269 | Lair:5   | Reached skill level 5 in Long Blades
 25613 | Lair:5   | Offered knowledge of Poisonous Cloud by Vehumet.
 26232 | Lair:6   | Gained mutation: You have a pair of antennae on your head. [demonic ancestry]
 26232 | Lair:6   | Reached XP level 13. HP: 81/92 MP: 13/29
 26497 | Lair:6   | Reached skill level 5 in Dodging
 26631 | Lair:6   | Found a hole to the Spider Nest.
 27425 | Lair:6   | Found a staircase to the Slime Pits.
 28672 | Lair:7   | Noticed Rupert
 28686 | Lair:7   | Killed Rupert
 29337 | Lair:7   | Reached skill level 1 in Armour
 29462 | Lair:8   | Entered Level 8 of the Lair of Beasts
 29488 | Lair:8   | Offered knowledge of Delayed Fireball by Vehumet.
 31503 | Lair:8   | Got a shimmering morningstar
 31504 | Lair:8   | Identified the +3 morningstar of Dullness {elec, rElec rF- MR+ Dex+1 Stlth++} (You found it on level 8 of the Lair of Beasts)
 31697 | Lair:8   | Learned a level 4 spell: Throw Icicle
 31882 | Lair:8   | Learned a level 3 spell: Regeneration
 32324 | Lair:8   | Reached XP level 14. HP: 99/99 MP: 31/31
 32467 | Lair:8   | Offered knowledge of Bolt of Fire by Vehumet.
 34721 | D:11     | Got a faintly humming ring mail
 34732 | D:11     | Identified the +6 ring mail "Cefaocs" {Dex+5 Int+3} (You found it on level 11 of the Dungeon)
 34822 | D:11     | Upgraded the game from 0.16-a0-465-g631e55c to 0.16-a0-621-gdc21f72
 34841 | D:11     | Noticed Grum
 34872 | D:11     | Killed Grum
 36199 | D:12     | Offered knowledge of Ozocubu's Refrigeration by Vehumet.
 36212 | D:12     | Found a staircase to the Orcish Mines.
 36546 | D:12     | Reached skill level 10 in Spellcasting
 36638 | D:12     | Reached skill level 1 in Necromancy
 37100 | D:13     | Found a gate to the Vaults.
 37427 | D:13     | Offered knowledge of Freezing Cloud by Vehumet.
 37435 | D:13     | Learned a level 6 spell: Freezing Cloud
 37806 | D:13     | Reached skill level 10 in Conjurations
 38908 | D:14     | Noticed Herrn's ghost (powerful GrFi)
 38922 | D:14     | Killed Herrn's ghost
 38931 | D:14     | Reached XP level 15. HP: 97/105 MP: 17/32
 39095 | D:14     | Learned a level 4 spell: Condensation Shield
 39144 | D:14     | Found an iron altar of Okawaru.
 40105 | D:15     | Entered Level 15 of the Dungeon
 40129 | D:14     | Reached skill level 5 in Necromancy
 40314 | Orc:1    | Entered Level 1 of the Orcish Mines
 40355 | Orc:1    | Noticed Snorg
 40362 | Orc:1    | Killed Snorg
 40419 | Orc:1    | Found a shimmering altar of Xom.
 40443 | Orc:1    | Learned a level 5 spell: Fireball
 41000 | Orc:1    | Offered knowledge of Bolt of Cold by Vehumet.
 42353 | Orc:3    | Offered knowledge of Fire Storm by Vehumet.
 42353 | Orc:3    | Offered knowledge of Glaciate by Vehumet.
 42353 | Orc:3    | Offered knowledge of Chain Lightning by Vehumet.
 42575 | Orc:4    | Entered Level 4 of the Orcish Mines
 42575 | Orc:4    | Found a roughly hewn altar of Beogh.
 42600 | Orc:4    | Found a flickering gateway to a bazaar.
 42613 | Bazaar   | Entered a bazaar
 42615 | Bazaar   | Found Wetit's Armour Boutique.
 42618 | Bazaar   | Found Wiab Kaa's Food Boutique.
 42619 | Bazaar   | Found Mnoxto's Antique Armour Boutique.
 42619 | Bazaar   | Found Miackesa's Distillery.
 42624 | Bazaar   | Bought a potion of experience for 750 gold pieces
 42624 | Bazaar   | Bought a potion of haste for 105 gold pieces
 42624 | Bazaar   | Bought a potion of curing for 30 gold pieces
 42650 | Bazaar   | Bought a slimy scale mail for 333 gold pieces
 42651 | Bazaar   | Identified the +3 scale mail "Jept" {Stlth-} (You bought it in a shop in a bazaar)
 42661 | Bazaar   | Bought a potion of might for 37 gold pieces
 42661 | Bazaar   | Bought a potion of restore abilities for 45 gold pieces
 42661 | Bazaar   | Bought a potion of agility for 37 gold pieces
 42661 | Bazaar   | Bought a potion of restore abilities for 45 gold pieces
 42661 | Bazaar   | Bought a potion of agility for 37 gold pieces
 42735 | Orc:4    | Found Hausas' Distillery.
 42758 | Orc:4    | Bought a potion of heal wounds for 48 gold pieces
 42758 | Orc:4    | Bought a potion of mutation for 40 gold pieces
 42758 | Orc:4    | Bought a potion of curing for 32 gold pieces
 42758 | Orc:4    | Bought a potion of haste for 112 gold pieces
 42759 | Orc:4    | Gained mutation: Your body is slowly deteriorating. [potion of mutation]
 42759 | Orc:4    | Gained mutation: Your spells are a little harder to cast, but a little more powerful. [potion of mutation]
 42759 | Orc:4    | Gained mutation: Your spells are harder to cast, but more powerful. [potion of mutation]
 42760 | Orc:4    | Lost mutation: Your body is slowly deteriorating. [potion of cure mutation]
 42760 | Orc:4    | Lost mutation: Your spells are harder to cast, but more powerful. [potion of cure mutation]
 42783 | Orc:4    | Reached skill level 5 in Armour
 42783 | Orc:4    | Gained mutation: You regenerate magic rapidly. [demonic ancestry]
 42783 | Orc:4    | Reached XP level 16. HP: 112/112 MP: 33/33
 42805 | Orc:4    | Paralysed by an orc sorcerer for 7 turns
 42935 | Orc:4    | Found Sham's Antique Armour Emporium.
 42952 | Orc:4    | Found Giedgh's Book Shoppe.
 42956 | Orc:4    | Noticed Psyche
 43279 | Orc:4    | Found a staircase to the Elven Halls.
 43291 | Orc:4    | Found Senayrheyp's General Store.
 43301 | Orc:4    | Bought a scroll of blinking for 90 gold pieces
 43353 | Orc:4    | Killed Psyche
 43364 | Orc:4    | Paralysed by an orc sorcerer for 3 turns
 43572 | Orc:4    | Found Pitomn's Antique Weapon Boutique.
 43891 | Orc:4    | Upgraded the game from 0.16-a0-621-gdc21f72 to 0.16-a0-623-g20b2139
 44635 | Spider:1 | Entered Level 1 of the Spider Nest
 44664 | Spider:1 | Reached skill level 11 in Conjurations
 45162 | Spider:1 | Reached skill level 10 in Ice Magic
 45241 | Spider:1 | Noticed Agnes
 45243 | Spider:1 | Noticed Josephine
 45249 | Spider:1 | Killed Agnes
 45255 | Spider:1 | Killed Josephine
 46653 | Spider:2 | Reached skill level 5 in Air Magic
 47261 | Spider:2 | Reached skill level 12 in Conjurations
 47753 | Spider:3 | Gained mutation: You have very sharp fingernails. [demonic ancestry]
 47753 | Spider:3 | Reached XP level 17. HP: 106/117 MP: 34/34
 48444 | Spider:3 | Noticed Aizul
 48917 | Spider:3 | Killed Aizul
 50802 | Spider:5 | Entered Level 5 of the Spider Nest
 50802 | Spider:5 | Noticed Arachne
 51409 | Spider:5 | Killed Arachne
 52000 | Spider:5 | Noticed Nikola
 52014 | Spider:5 | Noticed Mara
 52015 | Spider:5 | Killed Nikola
 52037 | Spider:5 | Noticed MRaven's illusion
 52039 | Spider:5 | Killed Mara
 53337 | Spider:5 | Got a gossamer rune of Zot
 53713 | Spider:5 | Reached skill level 13 in Spellcasting
 53716 | Spider:5 | HP: 4/117 [wolf spider (10)]
 53717 | Spider:5 | Slain by a wolf spider

Action                   |  1- 3 |  4- 6 |  7- 9 | 10-12 | 13-15 | 16-18 || total
-------------------------+-------+-------+-------+-------+-------+-------++-------
Melee: Club              |    16 |       |       |       |       |       ||    16
       Spear             |    48 |     3 |       |       |       |       ||    51
       Falchion          |       |    95 |   320 |   582 |  1331 |   427 ||  2755
       Morningstar       |       |       |       |       |     1 |       ||     1
Throw: Stone             |    57 |    31 |     5 |       |       |       ||    93
 Cast: Freeze            |    29 |    51 |    53 |   145 |    83 |       ||   361
       Throw Frost       |    12 |    28 |    66 |   274 |   326 |    91 ||   797
       Ozocubu's Armour  |       |       |     2 |    26 |    88 |    43 ||   159
       Sticky Flame      |       |       |       |    45 |   194 |   161 ||   400
       Repel Missiles    |       |       |       |     1 |       |       ||     1
       Throw Icicle      |       |       |       |       |    42 |   365 ||   407
       Regeneration      |       |       |       |       |     2 |     4 ||     6
       Fireball          |       |       |       |       |     3 |     5 ||     8
       Freezing Cloud    |       |       |       |       |       |     5 ||     5
Evoke: Wand              |       |     1 |    10 |    53 |    39 |     8 ||   111
  Use: Scroll            |       |    11 |     6 |    12 |    26 |     9 ||    64
       Potion            |       |     1 |     8 |     5 |     9 |    24 ||    47
 Stab: Distracted        |       |     1 |     1 |     2 |       |       ||     4
       Sleeping          |       |       |     2 |     1 |     6 |       ||     9
       Paralysed         |       |       |       |    99 |    72 |     4 ||   175
       Invisible         |       |       |       |    10 |     1 |       ||    11
  Eat: Chunk             |     5 |     4 |    12 |    30 |    28 |    25 ||   104
       Fruit             |       |     3 |       |     5 |     5 |       ||    13
       Beef jerky        |       |     1 |     2 |     1 |     3 |     1 ||     8
       Bread ration      |       |     1 |     1 |       |       |       ||     2
       Meat ration       |       |     1 |       |       |       |     2 ||     3
       Pizza             |       |       |     2 |     4 |     6 |     1 ||    13
       Royal jelly       |       |       |       |       |     1 |       ||     1
